 Dungeon Crawl Stone Soup version 0.31.0-11-ge490571c62 (webtiles) character file.

Game seed: 8968848631764249425

2613 qw the Skirmisher (level 9, -2/44 HPs)
             Began as a Spriggan Hunter on Feb 4, 2024.
             Was a Priest of Okawaru.
             Slain by Joseph
             ... wielding a +0 spectral quarterstaff
              (13 damage)
             ... on level 7 of the Dungeon.
             The game lasted 00:00:22 (6264 turns).

qw the Skirmisher (Spriggan Hunter)                 Turns: 6264, Time: 00:00:22

Health: -2/44      AC:  2    Str:  7    XL:     9   Next: 34%
Magic:  12/13      EV: 32    Int: 10    God:    Okawaru [***...]
Gold:   227        SH:  0    Dex: 23    Spells: 8/8 levels left

rFire   . . .        b - +3 orcbow (heavy)
rCold   . . .        (shield currently unavailable)
rNeg    . . .        c - +0 robe
rPois   .            (helmet restricted)
rElec   .            (no cloak)
rCorr   .            (gloves unavailable)
SInv    +            (boots unavailable)
Will    +....        (no amulet)
Stlth   ++++         (no ring)
HPRegen 0.27/turn    (no ring)
MPRegen 0.13/turn

%: no passive effects
@: about to teleport, heroic, very quick
A: very small, no large weapons, unfitting armour, see invisible, speed 3
a: Renounce Religion, Heroism


You were on level 7 of the Dungeon.
You worshipped Okawaru.
Okawaru was most pleased with you.
You visited 1 branch of the dungeon, and saw 7 of its levels.
You also visited: Sewer.

You collected 327 gold pieces.
You spent 100 gold pieces at shops.


Innate Abilities, Weirdness & Mutations

You are very small and have problems with some larger weapons.
You are too small for most types of armour.
You have supernaturally acute eyesight. (SInv)
You cover ground extremely quickly. (Speed+++)


   Skills:
 - Level 3.1(8.1) Fighting
 - Level 10.2(15.2) Ranged Weapons
 + Level 9.4(14.4) Dodging
 - Level 1.5(6.5) Stealth
 - Level 4.0 Invocations


You had 8 spell levels left.
You didn't know any spells.
Your spell library was empty.

Inventory:

Hand Weapons
 b - a +3 heavy orcbow (weapon)
Armour
 c - a +0 robe (worn)
Wands
 l - a wand of roots (5)
Scrolls
 a - 3 scrolls of teleportation
Potions
 d - a potion of brilliance {unknown}
 e - 2 potions of mutation
 f - 3 potions of curing
 g - a potion of might {unknown}
 h - a potion of invisibility {unknown}
 i - a potion of resistance {unknown}
 j - 4 potions of haste
 k - a potion of heal wounds {unknown}

Dungeon Overview and Level Annotations

Branches:
Dungeon (7/15)             Temple (0/1) D:6           Sewer (visited)

Altars:
Fedhas
Gozag
Okawaru
Qazlal
Uskayaw

Shops:
D:6 ?

Annotations:
D:4 2 runed translucent doors, qw's ghost, amateur DEHu
D:7 Joseph


Message History

The sky beast is almost dead.
You hear a shout!
You hear an angry hiss.
The sky beast closely misses you. The sky beast hits you.
The sky beast shocks you.
You shoot an arrow. The arrow barely misses the sky beast.
The sky beast flickers out of sight for a moment.
The sky beast completely misses you.
You shoot an arrow. The arrow hits the sky beast!!
You kill the sky beast!
Okawaru accepts your kill.
An iguana comes into view.
Joseph, a Mercenary comes into view.
He is wielding a +0 spectral quarterstaff.
Joseph misses you.
6257 ||| INVOKING Heroism.
You gain the combat prowess of a mighty hero.
Joseph misses you. The iguana misses you.
You shoot an arrow. The arrow closely misses Joseph.
Joseph completely misses you. The iguana completely misses you.
You shoot an arrow. The arrow hits Joseph.
Joseph is lightly wounded.
Joseph completely misses you. The iguana completely misses you.
You shoot an arrow. The arrow barely misses Joseph.
Joseph hits you with a +0 spectral quarterstaff!
The iguana completely misses you.
You shoot an arrow. The arrow barely misses Joseph.
Joseph completely misses you. The iguana completely misses you.
You shoot an arrow. The arrow hits Joseph!!!
Joseph is severely wounded.
Joseph closely misses you. The iguana misses you.
The iguana completely misses you.
Joseph hits you with a +0 spectral quarterstaff.
You shoot an arrow.
The arrow hits Joseph but does no damage.
Joseph is heavily wounded.
The iguana bites you! Joseph completely misses you.
6264 ||| READING 4 scrolls of teleportation.
As you read the scroll of teleportation, it crumbles to dust.
You feel strangely unstable.
Joseph hits you with a +0 spectral quarterstaff!
You die...

#.#^#
#######.#
#.#.# #.#
#.#.# #.#
#.#.### #.#
#.#...# #.#
#.###.## ###
#...# #.#.###
...#.@l#
##>####@....7
.. ......7
.## .~~~)..
.# ~~~~~.. .#
~~7~~..
~~~~~.. .~~
...


You could see Joseph and an iguana.

Vanquished Creatures
  A boulder beetle (D:6)
  A water moccasin (D:5)
  A sky beast (D:7)
  A black bear (D:6)
  A centaur (D:6)
  2 ogres
  2 phantoms (D:4)
  2 kobold brigands (Sewer)
  3 killer bees (D:7)
  A bombardier beetle (D:3)
  3 jellies
  6 hounds
  An orc priest (D:5)
  A gnoll bouda (D:5)
  2 sleepcaps
  5 iguanas
  8 orc wizards
  9 gnolls
  11 adders
  A white imp (D:6)
  2 ribbon worms
  12 orcs
  8 bats
  11 endoplasms
  6 giant cockroaches
  6 goblins
  12 hobgoblins
  3 quokkas
  9 ball pythons
  5 frilled lizards
  26 kobolds
  8 rats
170 creatures vanquished.

Notes
Turn   | Place    | Note
-------+----------+-------------------------------------------
     0 | D:1      | qw the Spriggan Hunter began the quest for the Orb.
     0 | D:1      | Reached XP level 1. HP: 10/10 MP: 2/2
     0 | D:1      | 0 ||| qw: Version: 0.3-a-160-g6735b56
     0 | D:1      | 0 ||| qw: Game counter: 4822
     0 | D:1      | 0 ||| qw: Melee chars always use a shield: true
     0 | D:1      | 0 ||| qw: God list: Okawaru
     0 | D:1      | 0 ||| qw: Allow faded altars: false
     0 | D:1      | 0 ||| qw: Do Orc after clearing Dungeon:15 true
     0 | D:1      | 0 ||| qw: Do second Lair branch before Depths: true
     0 | D:1      | 0 ||| qw: Lair rune preference: random
     0 | D:1      | 0 ||| qw: Goals: Normal
     0 | D:1      | 0 ||| PLANNING D:1-11
    49 | D:1      | Reached skill level 3 in Dodging
   127 | D:1      | Reached XP level 2. HP: 12/14 MP: 3/3
   376 | D:1      | Found a faded altar of an unknown god.
   917 | D:1      | 917 ||| READING scroll labelled ACUFITI ARIES.
   918 | D:1      | 918 ||| DRINKING 2 pink potions.
   939 | D:1      | 939 ||| DROPPING scroll of butterflies.
   940 | D:1      | 940 ||| DROPPING potion of lignification.
  1085 | D:2      | Found a stormy altar of Qazlal.
  1141 | D:2      | Reached XP level 3. HP: 18/18 MP: 4/4
  1679 | D:2      | 1679 ||| READING scroll labelled OTUOMO MUTOMPA.
  1682 | D:2      | 1682 ||| READING scroll labelled KOIMEC QI KAEBB.
  1682 | D:2      | 1682 ||| IDENTIFYING grey potion
  1683 | D:2      | 1683 ||| READING scroll labelled JAUHONEVEY.
  1683 | D:2      | Identified a scroll of acquirement
  1683 | D:2      | 1683 ||| ACQUIRING +2 heavy orcbow
  1683 | D:2      | Acquired a +2 heavy orcbow
  1685 | D:2      | 1685 ||| SWAPPING to +2 heavy orcbow.
  1686 | D:2      | 1686 ||| DROPPING +0 shortbow.
  1767 | D:3      | Reached skill level 5 in Ranged Weapons
  1767 | D:3      | Reached XP level 4. HP: 22/22 MP: 5/5
  1776 | D:3      | 1776 ||| FLEEEEING.
  1803 | D:3      | Found a blossoming altar of Fedhas.
  2000 | D:3      | Reached XP level 5. HP: 24/26 MP: 6/6
  2517 | D:4      | 2517 ||| STAIRDANCE
  2582 | D:4      | Found a runed translucent door.
  2685 | D:4      | Noticed a phantom
  2686 | D:4      | 2686 ||| DRINKING potion of haste.
  2692 | D:4      | Killed a phantom
  2693 | D:4      | Reached skill level 6 in Ranged Weapons
  2693 | D:4      | Reached XP level 6. HP: 25/30 MP: 7/7
  2724 | D:4      | Found a runed translucent door.
  2732 | D:4      | Noticed qw's ghost (amateur DEHu)
  2736 | D:4      | Found an iron altar of Okawaru.
  2737 | D:4      | 2737 ||| PLANNING OKAWARU WORSHIP
  2737 | D:4      | 2737 ||| READING 2 scrolls of identify.
  2737 | D:4      | 2737 ||| IDENTIFYING smoky amethyst potion
  2738 | D:4      | 2738 ||| READING scroll of identify.
  2738 | D:4      | 2738 ||| IDENTIFYING white potion
  2739 | D:4      | 2739 ||| READING scroll labelled QUEG ZATYICHU.
  2740 | D:4      | 2740 ||| DROPPING potion of attraction.
  2748 | D:4      | Became a worshipper of Warmaster Okawaru
  2749 | D:4      | 2749 ||| PLANNING D:1-11
  3049 | D:4      | Reached skill level 6 in Dodging
  3290 | D:4      | Reached skill level 7 in Ranged Weapons
  3615 | D:4      | 3615 ||| READING scroll labelled DOMAECH UHOF.
  3802 | D:5      | Entered Level 5 of the Dungeon
  3829 | D:5      | Reached * piety under Okawaru
  3830 | D:5      | Reached XP level 7. HP: 18/35 MP: 8/8
  4029 | D:5      | Reached skill level 1 in Invocations
  4362 | D:5      | Reached ** piety under Okawaru
  4363 | D:5      | Reached skill level 3 in Invocations
  4712 | D:5      | Reached XP level 8. HP: 39/39 MP: 11/11
  4763 | D:5      | 4763 ||| READING scroll of identify.
  4763 | D:5      | 4763 ||| IDENTIFYING green potion
  4808 | D:6      | 4808 ||| PLANNING SEWER
  4811 | D:6      | Found a hide-covered altar of Uskayaw.
  4924 | D:6      | Found Costyne's Magic Scroll Shoppe.
  4931 | D:6      | 4931 ||| BUYING scroll of identify (20 gold).
  4931 | D:6      | Bought a scroll of identify for 20 gold pieces
  4931 | D:6      | 4931 ||| BUYING scroll of identify (20 gold).
  4931 | D:6      | Bought a scroll of identify for 20 gold pieces
  4931 | D:6      | 4931 ||| BUYING scroll of teleportation (30 gold).
  4931 | D:6      | Bought a scroll of teleportation for 30 gold pieces
  4931 | D:6      | 4931 ||| BUYING scroll of teleportation (30 gold).
  4931 | D:6      | Bought a scroll of teleportation for 30 gold pieces
  4954 | D:6      | Found an opulent altar of Gozag.
  5018 | D:6      | Found a staircase to the Ecumenical Temple.
  5052 | D:6      | 5052 ||| INVOKING Heroism.
  5055 | D:6      | Reached skill level 8 in Ranged Weapons
  5229 | D:6      | Found a glowing drain.
  5230 | D:6      | 5230 ||| READING 2 scrolls of identify.
  5230 | D:6      | 5230 ||| IDENTIFYING viscous purple potion
  5231 | D:6      | 5231 ||| READING scroll of identify.
  5231 | D:6      | 5231 ||| IDENTIFYING scroll labelled GOUNOR FIGUPPAMEW
  5232 | D:6      | 5232 ||| READING scroll of enchant weapon.
  5232 | D:6      | 5232 ||| ENCHANTING +2 heavy orcbow.
  5233 | D:6      | 5233 ||| DROPPING potion of degeneration.
  5243 | Sewer    | Entered a sewer
  5496 | Sewer    | 5496 ||| INVOKING Heroism.
  5498 | Sewer    | Reached skill level 3 in Fighting
  5643 | D:6      | 5643 ||| PLANNING D:1-11
  5951 | D:6      | Noticed a boulder beetle
  5952 | D:6      | 5952 ||| INVOKING Heroism.
  5962 | D:6      | Killed a boulder beetle
  5963 | D:6      | Reached skill level 10 in Ranged Weapons
  5963 | D:6      | Reached XP level 9. HP: 28/44 MP: 11/13
  6211 | D:7      | 6211 ||| RETREEEEATING.
  6218 | D:7      | Reached *** piety under Okawaru
  6221 | D:7      | Reached skill level 9 in Dodging
  6256 | D:7      | Noticed Joseph
  6257 | D:7      | 6257 ||| INVOKING Heroism.
  6263 | D:7      | HP: 11/44 [iguana (11)]
  6264 | D:7      | 6264 ||| READING 4 scrolls of teleportation.
  6264 | D:7      | Slain by Joseph

Levels and vault maps discovered:
D:1:      lightli_arrival_farm, layout_loops_corners, basic_ecumenical_altar
D:2:      layout_loops_cross, serial_aquarium, aquarium_bridge_straight
          [aquarium_subvault_bridge, aquarium_subvault_wall,
          aquarium_subvault_bridge, aquarium_subvault_balcony],
          aquarium_bridge_square [aquarium_subvault_wall,
          aquarium_subvault_bridge, aquarium_subvault_wall,
          aquarium_subvault_window], aquarium_window_1, aquarium_window_2,
          aquarium_view_2f, aquarium_balcony_3b, aquarium_pool_side,
          basic_altar, kennysheep_decorative_pillar
D:3:      minmay_angry_zag, layout_loops_ring, fedhas_altar_3,
          hangedman_decor_points, corexii_hall_statues_x, chequers_garden,
          minivault_27
D:4:      layout_basic, kennysheep_okawaru_gauntlet, ebering_ghost_sewer_f,
          chequers_big_river
D:5:      layout_basic, minmay_misc_feat_cross, solitary_fountain,
          corexii_shack, bh_walls_and_bars
D:6:      layout_loops_ring, mainiacjoe_overflow_chevrons,
          mainiacjoe_overflow_alcove_4, minmay_temple_entry_mist, serial_shops,
          nicolae_stop_n_shop_1, mainiacjoe_sewer_entry_somewhere_in_here_1,
          grunt_ministairs_7, hangedman_decor_slide_cut,
          minmay_manual_macuahuitl
D:7:      layout_loops_ring, mainiacjoe_overflow_alcove_2, elyvilon_altar_3,
          gammafunk_ghost_arena, dilly_guarded_unrand_devastator, uniq_joseph

Skill      XL: |  1  2  3  4  5  6  7  8  9 |
---------------+----------------------------+-----
Dodging        | 3 4 5 6 7 8 9 |  9.4
Ranged Weapons | 5 6 7 10 | 10.2
Fighting       | 2 3 |  3.1
Invocations    | 3 4 |  4.0
Stealth        | |  1.5

Action                     |  1- 3 |  4- 6 |  7- 9 || total
---------------------------+-------+-------+-------++-------
   Fire: Shortbow          |    76 |       |       ||    76
         Orcbow            |     9 |    96 |   186 ||   291
 Invoke: Heroism           |       |       |     4 ||     4
    Use: Scroll            |     4 |     4 |     5 ||    13
         Potion            |     1 |     1 |       ||     2
 Armour: Robe              |     1 |    22 |    41 ||    64
  Dodge: Dodged            |    11 |    43 |   147 ||   201

Table legend:
 A = Non-vault XP
 B = Vault XP
 C = Vault XP percentage of total XP
 D = Non-vault monster count
 E = Vault monster count
 F = Vault count percentage of total count
                 A         B        C        D         E       F
            +---------+---------+-------+---------+---------+-------
      Total |    2393 |    1340 |  35.9 |     129 |      41 |  24.1
            +---------+---------+-------+---------+---------+-------
        D:1 |      32 |       0 |   0.0 |      20 |       0 |   0.0
        D:2 |      29 |       0 |   0.0 |      18 |       0 |   0.0
        D:3 |     209 |       9 |   4.1 |      24 |       5 |  17.2
        D:4 |     436 |       3 |   0.7 |      22 |       2 |   8.3
        D:5 |     745 |       2 |   0.3 |      26 |       1 |   3.7
        D:6 |     419 |    1093 |  72.3 |      11 |      11 |  50.0
        D:7 |     523 |       0 |   0.0 |       8 |       0 |   0.0
      Sewer |       0 |     233 | 100.0 |       0 |      22 | 100.0
            +---------+---------+-------+---------+---------+-------
